Description

PvT HOTS Build Order by Osiris: Proxy Oracle Rush

Build Order

Get SALT Encoding   

  9  1:00  Pylon  
  10  2:00  Gateway  
  13  3:00  Assimilator  
  13  4:00  Action  Send Probe to build Proxy Pylon.
  15  5:00  Cybernetics Core  
  16  6:00  Assimilator  
  17  7:00  Pylon  
  19  8:00  Stargate  
  21  9:00  Stalker  
  26  10:00  Oracle  
  26  11:00  Pylon  
  30  12:00  Oracle  
  33  13:00  Pylon  
  33  14:00  Nexus  
  34  15:00  Action  Warp Gate Research
  34  16:00  Robotics Bay  
Spawning Tool Build Advisor. Get it on Overwolf

Go to:

Details

  • Created by: Django16
  • Published on: Jun 01, 2017
  • Modified on: Jun 01, 2017
  • Patch: 3.8.0
Show
View Real Time Build Order
Export as new Build Order

Comments (0)

There are no comments. Be the first!

Create an account to comment!